 Dungeon Crawl Stone Soup version 0.21.1-1-g345015fe64 (webtiles) character file.

440 Fascinator the Slasher (level 6, -5/48 HPs)
             Began as a Demonspawn Fighter on July 16, 2018.
             Slain by a river rat (7 damage)
             ... summoned by Eustachio
             ... on level 4 of the Dungeon.
             The game lasted 00:07:58 (3101 turns).

Fascinator the Slasher (Demonspawn Fighter)         Turns: 3101, Time: 00:07:59

Health: -5/48      AC:  9    Str: 19    XL:     6   Next: 70%
Magic:  6/6        EV:  8    Int:  9    God:
Gold:   117        SH:  9    Dex: 12    Spells: 5/5 levels left

rFire    . . .     SeeInvis .   d - +1 dagger (speed)
rCold    . . .     Gourm    .   c - +0 shield
rNeg     . . .     Faith    .   b - +0 scale mail
rPois    .         Spirit   .   (no helmet)
rElec    .         Reflect  .   (no cloak)
rCorr    .         Harm     .   (no gloves)
MR       .....                  w - +1 pair of boots
Stlth    +.........             p - amulet of regeneration
HPRegen  0.56/turn              (no ring)
MPRegen  0.10/turn              (no ring)

@: no status effects
A: nightstalker 1, rot immunity
a: no special abilities


You were on level 4 of the Dungeon.
You were very hungry.

You visited 1 branch of the dungeon, and saw 4 of its levels.

You collected 117 gold pieces.

Inventory:

Hand Weapons
 a - a +0 long sword
 d - a +1 dagger of speed (weapon)
Armour
 b - a +0 scale mail (worn)
 c - a +0 shield (worn)
 w - a +1 pair of boots (worn)
Jewellery
 p - an amulet of regeneration (around neck)
 y - a +6 ring of evasion {unknown}
Wands
 u - a wand of random effects (28)
Scrolls
 g - a scroll of enchant weapon {unknown}
 h - 4 scrolls of remove curse {unknown}
 i - 3 scrolls of teleportation {unknown}
 j - 2 scrolls of blinking {unknown}
 o - 2 scrolls of magic mapping {unknown}
 r - 4 scrolls of enchant armour {unknown}
 s - 6 scrolls of identify {unknown}
 t - a scroll of amnesia {unknown}
 z - a scroll of immolation {unknown}
 A - a scroll of fear {unknown}
Potions
 e - a potion of invisibility {unknown}
 k - a potion of mutation {unknown}
 l - 2 potions of haste {unknown}
 m - 3 potions of flight {unknown}
 n - 2 potions of curing {unknown}
 q - 4 potions of cancellation {unknown}
 v - a potion of brilliance {unknown}
 x - 2 potions of lignification {unknown}
Comestibles
 f - 13 rations


   Skills:
 + Level 3.8 Fighting
 * Level 2.2(3.5) Short Blades
 - Level 4.2(4.5) Long Blades
 + Level 3.5 Armour
 + Level 1.7 Dodging
 + Level 3.4 Shields


You had 5 spell levels left.
You didn't know any spells.

Dungeon Overview and Level Annotations

Branches:
Dungeon (4/15)
 Temple: D:4-7

Altars:
Cheibriados
Gozag
Nemelex Xobeh
The Shining One

Annotations:
D:4 Eustachio


Innate Abilities, Weirdness & Mutations

You are slightly more attuned to the shadows.
You are immune to rotting.


Message History

You block the rat's attack.
You hit Eustachio but do no damage.
Eustachio is severely wounded.
You block the river rat's attack.
The rat twitches its whiskers.
The rat bites you but does no damage.
You closely miss Eustachio.
Eustachio is severely wounded.
Eustachio hits you but does no damage. The rat bites you but does no damage.
The rat bites you.
* * * LOW HITPOINT WARNING * * *
The river rat bites you.
* * * LOW HITPOINT WARNING * * *
You hit Eustachio.
Eustachio is severely wounded.
You hit Eustachio.
Eustachio is almost dead.
You block Eustachio's attack. The rat bites you but does no damage.
The river rat bites you!
You die...

#..# +..##'#....'..#P...##..#.#
#..# #.....[....#..#P.......#.#
#..#####.########.#####...##.....
#....'...').#...#..'..#.........#
#....#...#..#..)†..#.)'...#..##.#
#...####.#########)##'##..#..#...
#...#..#..#..'...#..#(.#.....#...
#...#..'..#..#.rr#..#..#..##.#...
#..##'##..####5r@#.#####.........
#..#...#.....###@#)'..#..###....#
#..#.).####.)).55..#..#..........
#..##'## #)##..#)######..#......
#...#.(#..'..#'##..)...#.....##..
#...'..####..#).#..#...#.........
#...#..# #..#))########.........
#...####..####)##..........#.#...
#...............................#


You could see Eustachio, a crimson imp, a river rat, a shadow imp, an ufetubus
and 2 rats.

Vanquished Creatures
  An ogre (D:4)
  The ghost of Htamos the Conjurer, an amateur OpWz (D:3)
  An orc wizard (D:4)
  2 orc priests (D:4)
  Terence (D:2)
  A worker ant (D:4)
  2 adders (D:2)
  2 gnolls (D:4)
  2 oozes
  An adder skeleton (D:4)
  4 worms
  2 dart slugs
  2 leopard geckos
  11 orcs
  2 bats
  2 giant cockroaches (D:1)
  8 goblins
  11 hobgoblins
  4 jackals (D:2)
  A ball python (D:2)
  A frilled lizard (D:4)
  13 kobolds (D:4)
  A quokka skeleton (D:4)
  5 rats
81 creatures vanquished.

Notes
Turn   | Place    | Note
-------+----------+-------------------------------------------
     0 | D:1      | Fascinator the Demonspawn Fighter began the quest for the Orb.
     0 | D:1      | Reached XP level 1. HP: 18/18 MP: 1/1
   335 | D:1      | Gained mutation: You are immune to rotting. [demonic ancestry]
   335 | D:1      | Reached XP level 2. HP: 19/24 MP: 2/2
   665 | D:1      | Reached skill level 2 in Long Blades
   919 | D:2      | Reached XP level 3. HP: 28/29 MP: 3/3
   963 | D:2      | Noticed Terence
   971 | D:2      | Killed Terence
  1241 | D:2      | Reached XP level 4. HP: 35/35 MP: 4/4
  1244 | D:2      | Reached skill level 3 in Long Blades
  1414 | D:2      | Found a snail-covered altar of Cheibriados.
  1922 | D:3      | Noticed Htamos's ghost (amateur OpWz)
  1931 | D:3      | Killed Htamos's ghost
  1931 | D:3      | Reached skill level 1 in Dodging
  1931 | D:3      | Gained mutation: You are slightly more attuned to the shadows. [demonic ancestry]
  1931 | D:3      | Reached XP level 5. HP: 22/41 MP: 5/5
  2195 | D:4      | Reached skill level 4 in Long Blades
  2317 | D:4      | Found an opulent altar of Gozag.
  2317 | D:4      | Found a sparkling altar of Nemelex Xobeh.
  2429 | D:4      | Reached XP level 6. HP: 28/47 MP: 6/6
  2451 | D:4      | Noticed Eustachio
  2483 | D:4      | Reached skill level 1 in Short Blades
  2558 | D:4      | Found a glowing golden altar of the Shining One.
  3099 | D:4      | HP: 2/48 [river rat[Eustachio] (4)]
  3101 | D:4      | Slain by a river rat

Skill      XL: |  1  2  3  4  5  6 |
---------------+-------------------+-----
Long Blades    | 2 3 4 |  4.2
Armour         | 3 |  3.5
Shields        | 3 |  3.4
Dodging        | 1 |  1.7
Short Blades   | 2 |  2.2
Fighting       | |  3.8

Action                   |  1- 3 |  4- 6 || total
-------------------------+-------+-------++-------
Melee: Long sword        |    97 |    89 ||   186
       Dagger            |       |   259 ||   259
  Use: Potion            |       |     1 ||     1
  Eat: Chunk             |     1 |     2 ||     3
       Ration            |       |     1 ||     1
Armor: Scale mail        |    32 |   110 ||   142
Dodge: Dodged            |    18 |    83 ||   101
Block: Shield            |    37 |   134 ||   171
       Rpst.: Long sword |     6 |    11 ||    17
